Lightning vs Avalanche

Created - November 21, 2016 at 17:30

Goals
1 2 3 OT1 T
Lightning 1 0 0 1 2
Avalanche 0 0 1 0 1
Shots
1 2 3 OT1 T
Lightning 16 11 10 1 38
Avalanche 17 12 12 1 42

1st period

1. Lightning , Patric Hornqvist 9 (Jeff Carter) at 13:29

Penalties :
Alexander Steen (COL) for Hooking (Minor) at 0:11, Kevin Klein (TBL) for Roughing (Minor) at 0:11, David Schlemko (TBL) for Hooking (Minor) at 1:05, Teddy Purcell (TBL) for High sticking (Double Minor) at 14:52

2nd period

No Goal

Penalties :
Kevin Klein (TBL) for Hooking (Minor) at 6:19, David Schlemko (TBL) for Roughing (Minor) at 13:02, Kevin Bieksa (COL) for Kneeing (Minor) at 16:08

3rd period

2. Avalanche , Dylan Larkin 6 (Paul Stastny, Tyson Barrie) at 12:39 (PP)

Penalties :
Kevin Klein (TBL) for Holding (Minor) at 2:42, Troy Brouwer (TBL) for Hooking (Minor) at 12:25, Andrej Sekera (TBL) for Hooking (Minor) at 16:10

Overtime #1

3. Lightning , Troy Brouwer 3 (Johnny Gaudreau, Andre Benoit) at 1:18

Penalties :
No Penalty

Goalie Stats

Kari Lehtonen (TBL), 41 saves from 42 shots - (0.976), W, 3-4-1, 61:19 minutes
Jimmy Howard (COL), 36 saves from 38 shots - (0.947), OTL, 7-2-2, 61:19 minutes

Players Stats for Lightning

Player Name              G  A  P  +/- PIM S  H  SB GA TA FO     MP     PP MP  PK MP  
------------------------------------------------------------------------------------
Andre Benoit             0  1  1   0  0   0  0  4  0  0  0/0    21:07   0:40   4:43 
Andrej Sekera            0  0  0   1  2   3  0  1  0  0  0/0    25:41   1:19   6:56 
Brad Hunt                0  0  0   0  0   1  0  0  0  0  0/0    14:07   0:00   0:50 
Christian Ehrhoff        0  0  0   0  0   0  0  0  0  0  0/0    17:27   0:00   6:01 
David Schlemko           0  0  0   0  4   0  2  1  0  0  0/0    20:23   0:40   5:00 
Eric Fehr                0  0  0   0  0   0  0  0  0  0  3/5     6:40   0:00   4:51 
Frederik Gauthier        0  0  0   0  0   0  0  0  0  0  0/0     0:00   0:00   0:00 
Henrik Sedin             0  0  0   0  0   3  0  0  0  0  10/22  15:30   1:19   0:00 
Jeff Carter              0  1  1   1  0   5  0  0  0  0  17/23  16:39   0:00   0:00 
Johnny Gaudreau          0  1  1   1  0   4  0  0  0  0  0/3    18:52   1:19   0:36 
Kevin Klein              0  0  0   1  6   1  1  0  0  0  0/0    23:47   1:19   4:46 
Patric Hornqvist         1  0  1   1  0   3  0  0  0  0  0/0    19:27   1:19   0:00 
Radim Vrbata             0  0  0   0  0   0  0  0  0  0  0/1     1:49   0:00   0:00 
Teddy Purcell            0  0  0   0  4   4  1  0  0  0  0/1    12:26   0:40   0:00 
Tobias Rieder            0  0  0   0  0   1  0  0  0  0  2/2    17:32   0:40   5:05 
Tomas Fleischmann        0  0  0   0  0   6  0  0  0  0  0/1    22:09   0:00   7:36 
Travis Zajac             0  0  0   0  0   4  0  1  0  0  26/43  21:58   0:40   9:03 
Troy Brouwer             1  0  1   0  2   3  2  0  0  0  4/5    13:27   0:00   0:00 

Players Stats for Avalanche

Player Name              G  A  P  +/- PIM S  H  SB GA TA FO     MP     PP MP  PK MP  
------------------------------------------------------------------------------------
Alexander Steen          0  0  0  -1  2   3  1  0  0  0  2/5    19:29   5:35   1:24 
Chris Tierney            0  0  0   0  0   1  0  0  0  0  1/5     7:00   0:00   0:00 
Derek Stepan             0  0  0   0  0   2  1  0  0  0  13/36  22:44   7:28   0:25 
Dylan Larkin             1  0  1   0  0   3  2  0  0  0  0/0    16:21   5:35   0:00 
Jaccob Slavin            0  0  0   0  0   0  0  2  0  0  0/0    18:43   0:00   0:48 
Jeff Skinner             0  0  0   0  0   1  2  0  0  0  2/3    22:01   7:28   0:00 
Jesper Fast              0  0  0   0  0   3  0  0  0  0  3/5    12:11   0:00   1:25 
Kevin Bieksa             0  0  0   0  2   0  2  2  0  0  0/0    18:54   0:00   0:00 
Kevin Shattenkirk        0  0  0   0  0   3  4  1  0  0  0/0    20:20   5:22   1:14 
Mats Zuccarello          0  0  0  -1  0   9  3  0  0  0  0/3    20:41   7:28   0:00 
Max Domi                 0  0  0   0  0   1  2  0  0  0  0/0    13:06   0:00   0:00 
Milan Michalek           0  0  0   0  0   0  1  0  0  0  0/1     7:00   0:00   0:00 
Paul Stastny             0  1  1  -1  0   4  0  0  0  0  16/31  19:36   5:35   0:00 
Reid Boucher             0  0  0   0  0   3  0  0  0  0  0/0     7:00   0:00   0:00 
Riley Sheahan            0  0  0   0  0   1  1  0  0  0  7/17   11:30   0:00   0:44 
Sami Vatanen             0  0  0  -1  0   0  3  3  0  0  0/0    23:10   7:41   0:45 
Shea Theodore            0  0  0  -1  0   6  0  1  0  0  0/0    19:27   5:22   0:00 
Tyson Barrie             0  1  1   0  0   2  0  1  0  0  0/0    22:03   7:41   1:11 

3 Stars

1 - Kari Lehtonen (TBL)
2 - Jimmy Howard (COL)
3 - Patric Hornqvist (TBL)

Power Play

Lightning - 0 on 1 Attempt(s) - 0.00%
Avalanche - 1 on 8 Attempt(s) - 12.50%

Penalty Kill

Lightning - 7 on 8 Attempt(s) - 87.50% - Score 0 goal in Penalty Kill
Avalanche - 1 on 1 Attempt(s) - 100.00% - Score 0 goal in Penalty Kill

Team Stat

Lightning - Hits : 6 - Faceoff Wins : 62 - Blocked Shots : 7 - Penalty Minutes : 18
Avalanche - Hits : 22 - Faceoff Wins : 44 - Blocked Shots : 10 - Penalty Minutes : 4

Official

Referees : Justin StPierre and Tom Chmielewski
Linesman : Michel Cormier and Ryan Gibbons

Game Notes

No Game Note

Finance

Level 1 -- Attendance: 5661 (87.09%) -- Ticket Income $577,422
Level 2 -- Attendance: 4919 (98.38%) -- Ticket Income $368,925
Level 3 -- Attendance: 3154 (90.11%) -- Ticket Income $173,470
Level 4 -- Attendance: 2007 (100.00%) -- Ticket Income $90,315
Luxury Box -- Attendance: 924 (92.40%) -- Ticket Income $184,800
Game was played at the Pepsi Center.
Total Attendance: 16665 (92.55%)
Total Ticket Income: $1,394,932
Other Income: $209,240
Total Income: $1,604,172

% Time on Ice - Lightning

Lines # - Real PCT - Wanted PCT - Time Play
Normal Forward
1 - 39% - 40% - 16:39
2 - 30% - 30% - 12:44
3 - 27% - 20% - 11:47
4 - 4% - 10% - 1:49
Normal Defense
1 - 38% - 40% - 16:32
2 - 34% - 30% - 14:32
3 - 26% - 20% - 11:00
4 - 2% - 10% - 0:55
PP Forward
1 - 66% - 60% - 1:19
2 - 34% - 40% - 0:40
PP Defense
1 - 66% - 60% - 1:19
2 - 34% - 40% - 0:40
PK Forward
1 - 63% - 60% - 8:12
2 - 37% - 40% - 4:51
PK Defense
1 - 54% - 60% - 7:02
2 - 46% - 40% - 6:01
PK3 Forward
1 - 78% - 60% - 0:51
2 - 22% - 40% - 0:14
PK3 Defense
1 - 42% - 60% - 0:27
2 - 58% - 40% - 0:38
44 Forward
1 - 52% - 60% - 0:28
2 - 48% - 40% - 0:26
44 Defense
1 - 52% - 60% - 0:28
2 - 48% - 40% - 0:26
Last Minute Offensive  - 0:00
Last Minute Defensive  - 0:00
Total
Forward - 60:00
Defense - 60:00

% Time on Ice - Avalanche

Lines # - Real PCT - Wanted PCT - Time Play
Normal Forward
1 - 28% - 30% - 12:07
2 - 30% - 30% - 13:06
3 - 25% - 25% - 10:46
4 - 16% - 15% - 7:00
Normal Defense
1 - 30% - 30% - 12:45
2 - 31% - 30% - 13:15
3 - 30% - 30% - 12:42
4 - 10% - 10% - 4:17
PP Forward
1 - 57% - 60% - 7:28
2 - 43% - 40% - 5:35
PP Defense
1 - 59% - 60% - 7:41
2 - 41% - 40% - 5:22
PK Forward
1 - 79% - 60% - 1:34
2 - 21% - 40% - 0:25
PK Defense
1 - 38% - 60% - 0:45
2 - 62% - 40% - 1:14
PK3 Forward
1 - 0% - 60%
2 - 0% - 40%
PK3 Defense
1 - 0% - 60%
2 - 0% - 40%
44 Forward
1 - 46% - 60% - 0:55
2 - 54% - 40% - 1:04
44 Defense
1 - 55% - 60% - 1:06
2 - 45% - 40% - 0:53
Last Minute Offensive  - 0:00
Last Minute Defensive  - 0:00
Total
Forward - 60:00
Defense - 60:00

Play by Play

1st period


0:01 of 1st period - Paul Stastny wins face-off versus Johnny Gaudreau in neutral zone.
0:11 of 1st period - Minor Penalty to Alexander Steen for Hooking.
0:11 of 1st period - Minor Penalty to Kevin Klein for Roughing.
0:12 of 1st period - Derek Stepan wins face-off versus Travis Zajac in Lightning zone.
0:13 of 1st period - Shot by Mats Zuccarello.
0:13 of 1st period - Stopped by Kari Lehtonen with a rebound.
0:21 of 1st period - Shot by Mats Zuccarello.
0:21 of 1st period - Stopped by Kari Lehtonen without a rebound.
0:22 of 1st period - Henrik Sedin wins face-off versus Paul Stastny in Lightning zone.
0:43 of 1st period - Shot by Troy Brouwer.
0:43 of 1st period - Shot Misses the Net.
0:45 of 1st period - Shot by Troy Brouwer.
0:45 of 1st period - Deflect By Henrik Sedin.
0:45 of 1st period - Shot Hit the Post.
0:47 of 1st period - Shot by Troy Brouwer.
0:47 of 1st period - Stopped by Jimmy Howard without a rebound.
0:48 of 1st period - Derek Stepan wins face-off versus Travis Zajac in Avalanche zone.
0:50 of 1st period - Icing by Mats Zuccarello.
0:51 of 1st period - Travis Zajac wins face-off versus Derek Stepan in Avalanche zone.
1:05 of 1st period - Minor Penalty to David Schlemko for Hooking.
1:06 of 1st period - Travis Zajac wins face-off versus Derek Stepan in Lightning zone.
1:23 of 1st period - Shot by Mats Zuccarello.
1:23 of 1st period - Stopped by Kari Lehtonen with a rebound.
1:25 of 1st period - Shot by Kevin Shattenkirk.
1:25 of 1st period - Stopped by Kari Lehtonen without a rebound.
1:26 of 1st period - Tobias Rieder wins face-off versus Paul Stastny in Lightning zone.
1:32 of 1st period - Icing by Sami Vatanen.
1:33 of 1st period - Paul Stastny wins face-off versus Travis Zajac in Avalanche zone.
2:03 of 1st period - Shot by Paul Stastny.
2:03 of 1st period - Stopped by Kari Lehtonen without a rebound.
2:04 of 1st period - Tobias Rieder wins face-off versus Derek Stepan in Lightning zone.
2:17 of 1st period - Shot by Paul Stastny.
2:17 of 1st period - Shot Misses the Net.
2:19 of 1st period - Shot by Shea Theodore.
2:19 of 1st period - Stopped by Kari Lehtonen with a rebound.
2:21 of 1st period - Shot by Paul Stastny.
2:21 of 1st period - Deflect By Alexander Steen.
2:21 of 1st period - Shot Blocked by Andre Benoit.
2:23 of 1st period - Shot by Alexander Steen.
2:23 of 1st period - Stopped by Kari Lehtonen without a rebound.
2:24 of 1st period - Travis Zajac wins face-off versus Derek Stepan in Lightning zone.
2:37 of 1st period - Shot by Derek Stepan.
2:37 of 1st period - Shot Misses the Net.
2:56 of 1st period - Off-side.
2:57 of 1st period - Paul Stastny wins face-off versus Eric Fehr in neutral zone.
3:16 of 1st period - Shot by Jeff Carter.
3:16 of 1st period - Stopped by Jimmy Howard without a rebound.
3:17 of 1st period - Henrik Sedin wins face-off versus Riley Sheahan in Avalanche zone.
3:44 of 1st period - Shot by Tomas Fleischmann.
3:44 of 1st period - Shot Hit the Post.
4:00 of 1st period - Shot by Jesper Fast.
4:00 of 1st period - Shot Misses the Net.
4:20 of 1st period - Shot by Johnny Gaudreau.
4:20 of 1st period - Shot Misses the Net.
4:22 of 1st period - Shot by Johnny Gaudreau.
4:22 of 1st period - Stopped by Jimmy Howard with a rebound.
4:24 of 1st period - Shot by Andrej Sekera.
4:24 of 1st period - Stopped by Jimmy Howard without a rebound.
4:25 of 1st period - Paul Stastny wins face-off versus Travis Zajac in Avalanche zone.
4:34 of 1st period - Shot by Paul Stastny.
4:34 of 1st period - Shot Misses the Net.
4:36 of 1st period - Shot by Alexander Steen.
4:36 of 1st period - Stopped by Kari Lehtonen without a rebound.
4:37 of 1st period - Jeff Carter wins face-off versus Derek Stepan in Lightning zone.
5:01 of 1st period - Shot by Jeff Carter.
5:01 of 1st period - Shot Blocked by Sami Vatanen.
5:18 of 1st period - Off-side.
5:19 of 1st period - Paul Stastny wins face-off versus Teddy Purcell in neutral zone.
6:30 of 1st period - Icing by Jesper Fast.
6:31 of 1st period - Jeff Carter wins face-off versus Riley Sheahan in Avalanche zone.
6:50 of 1st period - Shot by Jeff Carter.
6:50 of 1st period - Shot Misses the Net.
6:52 of 1st period - Shot by Andrej Sekera.
6:52 of 1st period - Stopped by Jimmy Howard without a rebound.
6:53 of 1st period - Henrik Sedin wins face-off versus Derek Stepan in Avalanche zone.
6:54 of 1st period - Shot by Tomas Fleischmann.
6:54 of 1st period - Stopped by Jimmy Howard without a rebound.
6:55 of 1st period - Henrik Sedin wins face-off versus Derek Stepan in Avalanche zone.
7:10 of 1st period - Shot by Derek Stepan.
7:10 of 1st period - Shot Misses the Net.
8:20 of 1st period - Shot by Mats Zuccarello.
8:20 of 1st period - Shot Misses the Net.
8:24 of 1st period - Shot by Mats Zuccarello.
8:24 of 1st period - Stopped by Kari Lehtonen without a rebound.
8:25 of 1st period - Travis Zajac wins face-off versus Chris Tierney in Lightning zone.
8:25 of 1st period - Travis Zajac is hit by Milan Michalek.
8:32 of 1st period - Tobias Rieder is hit by Kevin Bieksa and loses puck.
8:46 of 1st period - Icing by Travis Zajac.
8:47 of 1st period - Travis Zajac wins face-off versus Riley Sheahan in Lightning zone.
9:13 of 1st period - Shot by Dylan Larkin.
9:13 of 1st period - Stopped by Kari Lehtonen without a rebound.
9:14 of 1st period - Jeff Carter wins face-off versus Paul Stastny in Lightning zone.
10:14 of 1st period - Shot by Henrik Sedin.
10:14 of 1st period - Stopped by Jimmy Howard without a rebound.
10:15 of 1st period - Eric Fehr wins face-off versus Derek Stepan in Avalanche zone.
10:15 of 1st period - Eric Fehr is hit by Sami Vatanen.
10:51 of 1st period - Shot by Radim Vrbata.
10:51 of 1st period - Shot Blocked by Sami Vatanen.
11:15 of 1st period - Icing by Tobias Rieder.
11:16 of 1st period - Chris Tierney wins face-off versus Travis Zajac in Lightning zone.
11:19 of 1st period - Shot by Reid Boucher.
11:19 of 1st period - Stopped by Kari Lehtonen without a rebound.
11:20 of 1st period - Jeff Carter wins face-off versus Chris Tierney in Lightning zone.
11:35 of 1st period - Shot by Jeff Carter.
11:35 of 1st period - Shot Misses the Net.
12:39 of 1st period - Shot by Troy Brouwer.
12:39 of 1st period - Shot Hit the Post.
12:41 of 1st period - Shot by Henrik Sedin.
12:41 of 1st period - Shot Blocked by Kevin Bieksa.
12:43 of 1st period - Shot by Tomas Fleischmann.
12:43 of 1st period - Shot Blocked by Tyson Barrie.
13:12 of 1st period - Jesper Fast is hit by Teddy Purcell and loses puck.
13:19 of 1st period - Shot by Tobias Rieder.
13:19 of 1st period - Shot Misses the Net.
13:21 of 1st period - Shot by Tobias Rieder.
13:21 of 1st period - Shot Misses the Net.
13:23 of 1st period - Shot by Teddy Purcell.
13:23 of 1st period - Stopped by Jimmy Howard with a rebound.
13:25 of 1st period - Shot by Travis Zajac.
13:25 of 1st period - Stopped by Jimmy Howard without a rebound.
13:26 of 1st period - Jeff Carter wins face-off versus Mats Zuccarello in Avalanche zone.
13:27 of 1st period - Shot by Patric Hornqvist.
13:27 of 1st period - Stopped by Jimmy Howard with a rebound.
13:29 of 1st period - Shot by Patric Hornqvist.
13:29 of 1st period - Goal by Patric Hornqvist - Lightning : 1 - Avalanche : 0.
13:30 of 1st period - Jeff Carter wins face-off versus Paul Stastny in neutral zone.
13:35 of 1st period - Shot by Jeff Carter.
13:35 of 1st period - Shot Misses the Net.
13:47 of 1st period - Shot by Johnny Gaudreau.
13:47 of 1st period - Shot Misses the Net.
13:49 of 1st period - Shot by Jeff Carter.
13:49 of 1st period - Stopped by Jimmy Howard with a rebound.
14:47 of 1st period - Shot by Tomas Fleischmann.
14:47 of 1st period - Shot Blocked by Kevin Shattenkirk.
14:49 of 1st period - Shot by Tomas Fleischmann.
14:49 of 1st period - Stopped by Jimmy Howard without a rebound.
14:50 of 1st period - Travis Zajac wins face-off versus Riley Sheahan in Avalanche zone.
14:51 of 1st period - Shot by Teddy Purcell.
14:51 of 1st period - Stopped by Jimmy Howard with a rebound.
14:52 of 1st period - Double Minor Penalty to Teddy Purcell for High sticking.
14:53 of 1st period - Travis Zajac wins face-off versus Derek Stepan in Lightning zone.
15:06 of 1st period - Shot by Sami Vatanen.
15:06 of 1st period - Shot Misses the Net.
15:08 of 1st period - Shot by Jeff Skinner.
15:08 of 1st period - Shot Hit the Post.
15:12 of 1st period - Shot by Mats Zuccarello.
15:12 of 1st period - Stopped by Kari Lehtonen without a rebound.
15:13 of 1st period - Travis Zajac wins face-off versus Paul Stastny in Lightning zone.
15:19 of 1st period - Icing by Alexander Steen.
15:20 of 1st period - Travis Zajac wins face-off versus Paul Stastny in Avalanche zone.
15:29 of 1st period - Shot by Kevin Shattenkirk.
15:29 of 1st period - Shot Misses the Net.
15:31 of 1st period - Shot by Shea Theodore.
15:31 of 1st period - Stopped by Kari Lehtonen without a rebound.
15:32 of 1st period - Travis Zajac wins face-off versus Mats Zuccarello in Lightning zone.
15:32 of 1st period - Travis Zajac is hit by Jeff Skinner.
15:48 of 1st period - Shot by Mats Zuccarello.
15:48 of 1st period - Deflect By Derek Stepan.
15:48 of 1st period - Shot Misses the Net.
15:50 of 1st period - Shot by Tyson Barrie.
15:50 of 1st period - Stopped by Kari Lehtonen without a rebound.
15:51 of 1st period - Travis Zajac wins face-off versus Alexander Steen in Lightning zone.
16:18 of 1st period - Shot by Kevin Shattenkirk.
16:18 of 1st period - Stopped by Kari Lehtonen without a rebound.
16:19 of 1st period - Travis Zajac wins face-off versus Derek Stepan in Lightning zone.
16:19 of 1st period - Travis Zajac is hit by Mats Zuccarello.
16:31 of 1st period - Shot by Travis Zajac.
16:31 of 1st period - Deflect By Tomas Fleischmann.
16:31 of 1st period - Shot Misses the Net.
17:49 of 1st period - Shot by Shea Theodore.
17:49 of 1st period - Stopped by Kari Lehtonen without a rebound.
17:50 of 1st period - Travis Zajac wins face-off versus Paul Stastny in Lightning zone.
18:46 of 1st period - Icing by Tyson Barrie.
18:47 of 1st period - Eric Fehr wins face-off versus Derek Stepan in Avalanche zone.
19:00 of 1st period - Shot by Patric Hornqvist.
19:00 of 1st period - Shot Misses the Net.
19:02 of 1st period - Shot by Andrej Sekera.
19:02 of 1st period - Stopped by Jimmy Howard with a rebound.
19:04 of 1st period - Shot by Kevin Klein.
19:04 of 1st period - Shot Misses the Net.
19:06 of 1st period - Shot by Kevin Klein.
19:06 of 1st period - Stopped by Jimmy Howard without a rebound.
19:07 of 1st period - Riley Sheahan wins face-off versus Jeff Carter in Avalanche zone.
19:26 of 1st period - Shot by Jesper Fast.
19:26 of 1st period - Stopped by Kari Lehtonen without a rebound.
19:27 of 1st period - Travis Zajac wins face-off versus Chris Tierney in Lightning zone.
Goals for this period are 1 for Lightning vs 0 for Avalanche.
Shots for this period are 16 for Lightning vs 17 for Avalanche.

2nd period


0:01 of 2nd period - Derek Stepan wins face-off versus Henrik Sedin in neutral zone.
0:21 of 2nd period - Shot by Derek Stepan.
0:21 of 2nd period - Deflect By Jeff Skinner.
0:21 of 2nd period - Shot Misses the Net.
0:28 of 2nd period - Tomas Fleischmann is hit by Kevin Shattenkirk.
0:57 of 2nd period - Icing by David Schlemko.
0:58 of 2nd period - Paul Stastny wins face-off versus Jeff Carter in Lightning zone.
0:58 of 2nd period - Paul Stastny is hit by David Schlemko.
1:20 of 2nd period - Shot by Johnny Gaudreau.
1:20 of 2nd period - Stopped by Jimmy Howard without a rebound.
1:21 of 2nd period - Travis Zajac wins face-off versus Riley Sheahan in Avalanche zone.
1:21 of 2nd period - Travis Zajac is hit by Sami Vatanen.
1:38 of 2nd period - Shot by Brad Hunt.
1:38 of 2nd period - Stopped by Jimmy Howard with a rebound.
1:40 of 2nd period - Shot by Teddy Purcell.
1:40 of 2nd period - Stopped by Jimmy Howard with a rebound.
1:42 of 2nd period - Shot by Tobias Rieder.
1:42 of 2nd period - Shot Misses the Net.
1:58 of 2nd period - Shot by Tobias Rieder.
1:58 of 2nd period - Stopped by Jimmy Howard without a rebound.
1:59 of 2nd period - Paul Stastny wins face-off versus Jeff Carter in Avalanche zone.
2:21 of 2nd period - Shot by Alexander Steen.
2:21 of 2nd period - Stopped by Kari Lehtonen without a rebound.
2:22 of 2nd period - Henrik Sedin wins face-off versus Derek Stepan in Lightning zone.
2:22 of 2nd period - Henrik Sedin is hit by Jeff Skinner.
2:32 of 2nd period - Shot by Max Domi.
2:32 of 2nd period - Shot Blocked by Andre Benoit.
2:34 of 2nd period - Shot by Derek Stepan.
2:34 of 2nd period - Stopped by Kari Lehtonen without a rebound.
2:35 of 2nd period - Jeff Carter wins face-off versus Paul Stastny in Lightning zone.
2:58 of 2nd period - Kevin Klein is hit by Mats Zuccarello and loses puck.
3:41 of 2nd period - Shot by Tomas Fleischmann.
3:41 of 2nd period - Shot Misses the Net.
3:48 of 2nd period - Icing by Kevin Bieksa.
3:49 of 2nd period - Travis Zajac wins face-off versus Paul Stastny in Avalanche zone.
3:54 of 2nd period - Shot by Teddy Purcell.
3:54 of 2nd period - Shot Misses the Net.
3:56 of 2nd period - Shot by Travis Zajac.
3:56 of 2nd period - Shot Misses the Net.
4:12 of 2nd period - Shot by Teddy Purcell.
4:12 of 2nd period - Stopped by Jimmy Howard with a rebound.
5:40 of 2nd period - Shot by Tomas Fleischmann.
5:40 of 2nd period - Shot Blocked by Shea Theodore.
5:42 of 2nd period - Shot by Troy Brouwer.
5:42 of 2nd period - Deflect By Henrik Sedin.
5:42 of 2nd period - Shot Blocked by Sami Vatanen.
5:48 of 2nd period - Shot by Troy Brouwer.
5:48 of 2nd period - Shot Misses the Net.
5:50 of 2nd period - Shot by Troy Brouwer.
5:50 of 2nd period - Stopped by Jimmy Howard without a rebound.
5:51 of 2nd period - Jeff Carter wins face-off versus Milan Michalek in Avalanche zone.
5:56 of 2nd period - Shot by Patric Hornqvist.
5:56 of 2nd period - Shot Misses the Net.
6:14 of 2nd period - Shot by Chris Tierney.
6:14 of 2nd period - Stopped by Kari Lehtonen without a rebound.
6:15 of 2nd period - Derek Stepan wins face-off versus Troy Brouwer in Lightning zone.
6:19 of 2nd period - Minor Penalty to Kevin Klein for Hooking.
6:20 of 2nd period - Travis Zajac wins face-off versus Derek Stepan in Lightning zone.
6:26 of 2nd period - Icing by Tyson Barrie.
6:27 of 2nd period - Travis Zajac wins face-off versus Derek Stepan in Avalanche zone.
6:52 of 2nd period - Shot by Tomas Fleischmann.
6:52 of 2nd period - Stopped by Jimmy Howard without a rebound.
6:53 of 2nd period - Eric Fehr wins face-off versus Paul Stastny in Avalanche zone.
7:06 of 2nd period - Shot by Kevin Shattenkirk.
7:06 of 2nd period - Stopped by Kari Lehtonen with a rebound.
7:08 of 2nd period - Shot by Paul Stastny.
7:08 of 2nd period - Stopped by Kari Lehtonen without a rebound.
7:09 of 2nd period - Derek Stepan wins face-off versus Travis Zajac in Lightning zone.
7:14 of 2nd period - Shot by Jeff Skinner.
7:14 of 2nd period - Deflect By Mats Zuccarello.
7:14 of 2nd period - Shot Misses the Net.
8:05 of 2nd period - Icing by Shea Theodore.
8:06 of 2nd period - Paul Stastny wins face-off versus Travis Zajac in Avalanche zone.
8:14 of 2nd period - Icing by Alexander Steen.
8:15 of 2nd period - Travis Zajac wins face-off versus Paul Stastny in Avalanche zone.
8:54 of 2nd period - Shot by Reid Boucher.
8:54 of 2nd period - Stopped by Kari Lehtonen without a rebound.
8:55 of 2nd period - Jeff Skinner wins face-off versus Henrik Sedin in Lightning zone.
9:20 of 2nd period - Shot by Jeff Skinner.
9:20 of 2nd period - Shot Misses the Net.
9:24 of 2nd period - Shot by Derek Stepan.
9:24 of 2nd period - Deflect By Jeff Skinner.
9:24 of 2nd period - Stopped by Kari Lehtonen without a rebound.
9:25 of 2nd period - Riley Sheahan wins face-off versus Travis Zajac in Lightning zone.
9:29 of 2nd period - Icing by David Schlemko.
9:30 of 2nd period - Riley Sheahan wins face-off versus Travis Zajac in Lightning zone.
9:45 of 2nd period - Shot by Riley Sheahan.
9:45 of 2nd period - Shot Misses the Net.
9:47 of 2nd period - Shot by Dylan Larkin.
9:47 of 2nd period - Stopped by Kari Lehtonen without a rebound.
9:48 of 2nd period - Jeff Carter wins face-off versus Derek Stepan in Lightning zone.
9:57 of 2nd period - Shot by Derek Stepan.
9:57 of 2nd period - Stopped by Kari Lehtonen without a rebound.
9:58 of 2nd period - Henrik Sedin wins face-off versus Riley Sheahan in Lightning zone.
10:04 of 2nd period - Icing by Kevin Klein.
10:05 of 2nd period - Troy Brouwer wins face-off versus Derek Stepan in Lightning zone.
10:07 of 2nd period - Icing by Kevin Klein.
10:08 of 2nd period - Henrik Sedin wins face-off versus Derek Stepan in Lightning zone.
10:16 of 2nd period - Henrik Sedin is hit by Sami Vatanen and loses puck.
11:08 of 2nd period - Icing by Paul Stastny.
11:09 of 2nd period - Paul Stastny wins face-off versus Jeff Carter in Avalanche zone.
11:25 of 2nd period - Shot by Paul Stastny.
11:25 of 2nd period - Shot Blocked by David Schlemko.
11:46 of 2nd period - Off-side.
11:47 of 2nd period - Riley Sheahan wins face-off versus Travis Zajac in neutral zone.
11:55 of 2nd period - Icing by Tobias Rieder.
11:56 of 2nd period - Travis Zajac wins face-off versus Derek Stepan in Lightning zone.
11:56 of 2nd period - Travis Zajac is hit by Max Domi.
12:09 of 2nd period - Travis Zajac is hit by Kevin Bieksa and loses puck.
12:18 of 2nd period - Shot by Derek Stepan.
12:18 of 2nd period - Deflect By Jeff Skinner.
12:18 of 2nd period - Shot Misses the Net.
12:26 of 2nd period - Shot by Tobias Rieder.
12:26 of 2nd period - Deflect By Travis Zajac.
12:26 of 2nd period - Stopped by Jimmy Howard without a rebound.
12:27 of 2nd period - Jeff Carter wins face-off versus Jesper Fast in Avalanche zone.
12:46 of 2nd period - Shot by Jesper Fast.
12:46 of 2nd period - Shot Misses the Net.
12:51 of 2nd period - Icing by Johnny Gaudreau.
12:52 of 2nd period - Paul Stastny wins face-off versus Jeff Carter in Lightning zone.
12:57 of 2nd period - Shot by Paul Stastny.
12:57 of 2nd period - Stopped by Kari Lehtonen without a rebound.
12:58 of 2nd period - Derek Stepan wins face-off versus Henrik Sedin in Lightning zone.
13:02 of 2nd period - Minor Penalty to David Schlemko for Roughing.
13:03 of 2nd period - Derek Stepan wins face-off versus Travis Zajac in Lightning zone.
14:02 of 2nd period - Icing by Kevin Shattenkirk.
14:03 of 2nd period - Paul Stastny wins face-off versus Eric Fehr in Avalanche zone.
14:38 of 2nd period - Shot by Shea Theodore.
14:38 of 2nd period - Stopped by Kari Lehtonen without a rebound.
14:39 of 2nd period - Travis Zajac wins face-off versus Derek Stepan in Lightning zone.
15:17 of 2nd period - Shot by Jeff Carter.
15:17 of 2nd period - Stopped by Jimmy Howard with a rebound.
15:19 of 2nd period - Shot by Andre Benoit.
15:19 of 2nd period - Shot Misses the Net.
16:08 of 2nd period - Minor Penalty to Kevin Bieksa for Kneeing.
16:09 of 2nd period - Jesper Fast wins face-off versus Henrik Sedin in Avalanche zone.
16:29 of 2nd period - Shot by Johnny Gaudreau.
16:29 of 2nd period - Stopped by Jimmy Howard without a rebound.
16:30 of 2nd period - Alexander Steen wins face-off versus Travis Zajac in Avalanche zone.
17:26 of 2nd period - Shot by Henrik Sedin.
17:26 of 2nd period - Stopped by Jimmy Howard without a rebound.
17:27 of 2nd period - Henrik Sedin wins face-off versus Alexander Steen in Avalanche zone.
17:34 of 2nd period - Shot by Patric Hornqvist.
17:34 of 2nd period - Shot Blocked by Jaccob Slavin.
18:48 of 2nd period - Shot by Tomas Fleischmann.
18:48 of 2nd period - Shot Misses the Net.
19:47 of 2nd period - Shot by Paul Stastny.
19:47 of 2nd period - Stopped by Kari Lehtonen without a rebound.
19:48 of 2nd period - Paul Stastny wins face-off versus Henrik Sedin in Lightning zone.
Goals for this period are 0 for Lightning vs 0 for Avalanche.
Shots for this period are 11 for Lightning vs 12 for Avalanche.

3rd period


0:01 of 3rd period - Jesper Fast wins face-off versus Jeff Carter in neutral zone.
0:16 of 3rd period - Shot by Jeff Carter.
0:16 of 3rd period - Stopped by Jimmy Howard without a rebound.
0:17 of 3rd period - Henrik Sedin wins face-off versus Paul Stastny in Avalanche zone.
0:50 of 3rd period - Shot by Henrik Sedin.
0:50 of 3rd period - Stopped by Jimmy Howard without a rebound.
0:51 of 3rd period - Riley Sheahan wins face-off versus Johnny Gaudreau in Avalanche zone.
1:13 of 3rd period - Andrej Sekera is hit by Riley Sheahan and loses puck.
1:20 of 3rd period - Shot by Riley Sheahan.
1:20 of 3rd period - Shot Misses the Net.
1:22 of 3rd period - Shot by Kevin Bieksa.
1:22 of 3rd period - Shot Misses the Net.
1:24 of 3rd period - Shot by Jesper Fast.
1:24 of 3rd period - Stopped by Kari Lehtonen without a rebound.
1:25 of 3rd period - Troy Brouwer wins face-off versus Mats Zuccarello in Lightning zone.
1:25 of 3rd period - Troy Brouwer is hit by Mats Zuccarello.
2:18 of 3rd period - Icing by Brad Hunt.
2:19 of 3rd period - Riley Sheahan wins face-off versus Henrik Sedin in Lightning zone.
2:24 of 3rd period - Shot by Jesper Fast.
2:24 of 3rd period - Stopped by Kari Lehtonen without a rebound.
2:25 of 3rd period - Jeff Carter wins face-off versus Riley Sheahan in Lightning zone.
2:33 of 3rd period - Shot by Johnny Gaudreau.
2:33 of 3rd period - Deflect By Patric Hornqvist.
2:33 of 3rd period - Stopped by Jimmy Howard without a rebound.
2:34 of 3rd period - Jeff Carter wins face-off versus Derek Stepan in Avalanche zone.
2:37 of 3rd period - Shot by Patric Hornqvist.
2:37 of 3rd period - Shot Misses the Net.
2:42 of 3rd period - Minor Penalty to Kevin Klein for Holding.
2:43 of 3rd period - Derek Stepan wins face-off versus Travis Zajac in Lightning zone.
3:44 of 3rd period - David Schlemko is hit by Dylan Larkin and loses puck.
4:39 of 3rd period - Shot by Mats Zuccarello.
4:39 of 3rd period - Shot Misses the Net.
4:41 of 3rd period - Shot by Sami Vatanen.
4:41 of 3rd period - Shot Blocked by Andre Benoit.
4:59 of 3rd period - Shot by Jeff Carter.
4:59 of 3rd period - Stopped by Jimmy Howard with a rebound.
5:23 of 3rd period - Shot by Jeff Carter.
5:23 of 3rd period - Shot Misses the Net.
7:35 of 3rd period - Shot by Mats Zuccarello.
7:35 of 3rd period - Deflect By Alexander Steen.
7:35 of 3rd period - Shot Misses the Net.
7:37 of 3rd period - Shot by Mats Zuccarello.
7:37 of 3rd period - Shot Blocked by Andrej Sekera.
8:25 of 3rd period - Shot by Max Domi.
8:25 of 3rd period - Stopped by Kari Lehtonen without a rebound.
8:26 of 3rd period - Jeff Carter wins face-off versus Chris Tierney in Lightning zone.
8:41 of 3rd period - Chris Tierney is hit by David Schlemko and loses puck.
9:18 of 3rd period - Shot by Tomas Fleischmann.
9:18 of 3rd period - Stopped by Jimmy Howard without a rebound.
9:19 of 3rd period - Derek Stepan wins face-off versus Radim Vrbata in Avalanche zone.
9:37 of 3rd period - Shot by Tomas Fleischmann.
9:37 of 3rd period - Stopped by Jimmy Howard without a rebound.
9:38 of 3rd period - Paul Stastny wins face-off versus Henrik Sedin in Avalanche zone.
9:38 of 3rd period - Paul Stastny is hit by Troy Brouwer.
10:04 of 3rd period - Shot by Mats Zuccarello.
10:04 of 3rd period - Stopped by Kari Lehtonen without a rebound.
10:05 of 3rd period - Jeff Carter wins face-off versus Derek Stepan in Lightning zone.
10:05 of 3rd period - Jeff Carter is hit by Max Domi.
10:19 of 3rd period - Johnny Gaudreau is hit by Kevin Shattenkirk and loses puck.
10:32 of 3rd period - Shot by Jeff Carter.
10:32 of 3rd period - Shot Misses the Net.
10:57 of 3rd period - Icing by Johnny Gaudreau.
10:58 of 3rd period - Jeff Carter wins face-off versus Riley Sheahan in Lightning zone.
11:16 of 3rd period - Sami Vatanen is hit by Kevin Klein and loses puck.
11:39 of 3rd period - Shot by Henrik Sedin.
11:39 of 3rd period - Deflect By Tomas Fleischmann.
11:39 of 3rd period - Stopped by Jimmy Howard without a rebound.
11:40 of 3rd period - Travis Zajac wins face-off versus Paul Stastny in Avalanche zone.
12:00 of 3rd period - Shot by Travis Zajac.
12:00 of 3rd period - Shot Misses the Net.
12:06 of 3rd period - Shot by Tobias Rieder.
12:06 of 3rd period - Deflect By Teddy Purcell.
12:06 of 3rd period - Shot Blocked by Kevin Bieksa.
12:14 of 3rd period - Shot by Travis Zajac.
12:14 of 3rd period - Shot Misses the Net.
12:20 of 3rd period - Shot by Teddy Purcell.
12:20 of 3rd period - Shot Misses the Net.
12:22 of 3rd period - Shot by Travis Zajac.
12:22 of 3rd period - Stopped by Jimmy Howard without a rebound.
12:23 of 3rd period - Jeff Skinner wins face-off versus Henrik Sedin in Avalanche zone.
12:23 of 3rd period - Kevin Shattenkirk is hit by Troy Brouwer and loses puck.
12:25 of 3rd period - Minor Penalty to Troy Brouwer for Hooking.
12:26 of 3rd period - Derek Stepan wins face-off versus Travis Zajac in Lightning zone.
12:33 of 3rd period - Shot by Shea Theodore.
12:33 of 3rd period - Stopped by Kari Lehtonen without a rebound.
12:34 of 3rd period - Paul Stastny wins face-off versus Tomas Fleischmann in Lightning zone.
12:37 of 3rd period - Shot by Paul Stastny.
12:37 of 3rd period - Shot Misses the Net.
12:39 of 3rd period - Shot by Dylan Larkin.
12:39 of 3rd period - Goal by Dylan Larkin - Lightning : 1 - Avalanche : 1.
12:40 of 3rd period - Jeff Carter wins face-off versus Jeff Skinner in neutral zone.
12:46 of 3rd period - Patric Hornqvist is hit by Kevin Shattenkirk and loses puck.
13:12 of 3rd period - Johnny Gaudreau is hit by Kevin Shattenkirk and loses puck.
13:16 of 3rd period - Icing by Jaccob Slavin.
13:17 of 3rd period - Derek Stepan wins face-off versus Henrik Sedin in Avalanche zone.
13:30 of 3rd period - David Schlemko is hit by Derek Stepan and loses puck.
13:50 of 3rd period - Off-side.
13:51 of 3rd period - Travis Zajac wins face-off versus Riley Sheahan in neutral zone.
15:19 of 3rd period - Shot by Mats Zuccarello.
15:19 of 3rd period - Stopped by Kari Lehtonen without a rebound.
15:20 of 3rd period - Derek Stepan wins face-off versus Henrik Sedin in Lightning zone.
15:47 of 3rd period - Shot by Jeff Skinner.
15:47 of 3rd period - Shot Blocked by Andre Benoit.
15:59 of 3rd period - Shot by Henrik Sedin.
15:59 of 3rd period - Shot Blocked by Jaccob Slavin.
16:01 of 3rd period - Shot by David Schlemko.
16:01 of 3rd period - Shot Misses the Net.
16:10 of 3rd period - Minor Penalty to Andrej Sekera for Hooking.
16:11 of 3rd period - Travis Zajac wins face-off versus Paul Stastny in Lightning zone.
16:11 of 3rd period - Travis Zajac is hit by Dylan Larkin.
16:24 of 3rd period - Off-side.
16:25 of 3rd period - Paul Stastny wins face-off versus Travis Zajac in neutral zone.
16:46 of 3rd period - Shot by Dylan Larkin.
16:46 of 3rd period - Shot Misses the Net.
16:48 of 3rd period - Shot by Alexander Steen.
16:48 of 3rd period - Shot Misses the Net.
16:50 of 3rd period - Shot by Dylan Larkin.
16:50 of 3rd period - Shot Blocked by Travis Zajac.
17:06 of 3rd period - Tobias Rieder is hit by Alexander Steen and loses puck.
17:21 of 3rd period - Shot by Jeff Skinner.
17:21 of 3rd period - Deflect By Mats Zuccarello.
17:21 of 3rd period - Stopped by Kari Lehtonen without a rebound.
17:22 of 3rd period - Travis Zajac wins face-off versus Derek Stepan in Lightning zone.
18:03 of 3rd period - Shot by Shea Theodore.
18:03 of 3rd period - Stopped by Kari Lehtonen without a rebound.
18:04 of 3rd period - Paul Stastny wins face-off versus Travis Zajac in Lightning zone.
18:19 of 3rd period - Shot by Patric Hornqvist.
18:19 of 3rd period - Shot Misses the Net.
18:42 of 3rd period - Shot by Reid Boucher.
18:42 of 3rd period - Stopped by Kari Lehtonen without a rebound.
18:43 of 3rd period - Jesper Fast wins face-off versus Henrik Sedin in Lightning zone.
18:48 of 3rd period - Shot by Riley Sheahan.
18:48 of 3rd period - Stopped by Kari Lehtonen without a rebound.
18:49 of 3rd period - Riley Sheahan wins face-off versus Travis Zajac in Lightning zone.
18:53 of 3rd period - Icing by Kevin Klein.
18:54 of 3rd period - Travis Zajac wins face-off versus Jesper Fast in Lightning zone.
19:14 of 3rd period - Shot by Travis Zajac.
19:14 of 3rd period - Stopped by Jimmy Howard without a rebound.
19:15 of 3rd period - Derek Stepan wins face-off versus Johnny Gaudreau in Avalanche zone.
19:20 of 3rd period - Shot by Johnny Gaudreau.
19:20 of 3rd period - Stopped by Jimmy Howard without a rebound.
19:21 of 3rd period - Jeff Carter wins face-off versus Riley Sheahan in Avalanche zone.
19:48 of 3rd period - Shot by Dylan Larkin.
19:48 of 3rd period - Shot Misses the Net.
19:50 of 3rd period - Shot by Tyson Barrie.
19:50 of 3rd period - Stopped by Kari Lehtonen without a rebound.
19:51 of 3rd period - Troy Brouwer wins face-off versus Derek Stepan in Lightning zone.
Goals for this period are 0 for Lightning vs 1 for Avalanche.
Shots for this period are 10 for Lightning vs 12 for Avalanche.

Overtime #1


0:01 of 1st overtime period - Henrik Sedin wins face-off versus Paul Stastny in neutral zone.
0:54 of 1st overtime period - Icing by Patric Hornqvist.
0:55 of 1st overtime period - Alexander Steen wins face-off versus Henrik Sedin in Lightning zone.
1:00 of 1st overtime period - Shot by Mats Zuccarello.
1:00 of 1st overtime period - Stopped by Kari Lehtonen without a rebound.
1:01 of 1st overtime period - Troy Brouwer wins face-off versus Alexander Steen in Lightning zone.
1:18 of 1st overtime period - Shot by Johnny Gaudreau.
1:18 of 1st overtime period - Deflect By Troy Brouwer.
1:18 of 1st overtime period - Goal by Troy Brouwer - Lightning : 2 - Avalanche : 1.
Goals for this period are 1 for Lightning vs 0 for Avalanche.
Shots for this period are 1 for Lightning vs 1 for Avalanche.